 Dungeon Crawl Stone Soup version 0.18-a0-1628-g61c6396 (webtiles) character file.

29 dohliylev the Stinger (level 3, -2/19 HPs)
             Began as a Gargoyle Venom Mage on Mar 25, 2016.
             Slain by an adder (3 damage)
             ... on level 2 of the Dungeon.
             The game lasted 00:05:45 (1371 turns).

dohliylev the Stinger (Gargoyle Venom Mage)         Turns: 1371, Time: 00:05:46

Health: -2/19      AC: 13    Str: 11    XL:     3   Next: 16%
Magic:  3/6        EV:  1    Int: 16    God:
Gold:   74         SH:  3    Dex: 10    Spells: 1 memorised, 5 levels left

rFire  . . .     SeeInvis .     d - -2 club (curse)
rCold  . . .     Gourm    .     p - +0 plate armour
rNeg   + . .     Faith    .     j - +0 buckler
rPois  ∞         Spirit   .     (no helmet)
rElec  +         Dismiss  .     (no cloak)
rCorr  .         Reflect  .     (no gloves)
SustAt .         Harm     .     (no boots)
MR     .....                    (no amulet)
Stlth  ..........               (no ring)
                                (no ring)

@: very slightly contaminated, not resistant to hostile enchantments, extremely
unstealthy
A: negative energy resistance 1, electricity resistance, unbreathing,
petrification resistance, rot immunity, AC +3
a: no special abilities


You were on level 2 of the Dungeon.
You were hungry.

You visited 1 branch of the dungeon, and saw 2 of its levels.

You collected 74 gold pieces.

Inventory:

Hand Weapons
 d - a cursed -2 club (weapon)
Armour
 a - a +0 robe
 j - a +0 buckler (worn)
 p - a +0 plate armour (worn)
Scrolls
 e - a scroll of fear {unknown}
 g - a scroll of identify {unknown}
 i - a scroll of magic mapping {unknown}
 n - a scroll of random uselessness {unknown}
Potions
 f - a potion of flight {unknown}
 k - a potion of curing {unknown}
 l - a potion of berserk rage {unknown}
 m - a potion of degeneration {unknown}
Books
 b - a Young Poisoner's Handbook

   Spells                             Type                      Level
   a - Sting                          Conjuration/Poison           1
   b - Cure Poison                    Poison                       2
   c - Mephitic Cloud                 Conjuration/Poison/Air       3
   d - Olgreb's Toxic Radiance        Poison                       4
   e - Venom Bolt                     Conjuration/Poison           5
Comestibles
 c - 3 bread rations
 h - a beef jerky
 o - 2 chunks of flesh


   Skills:
 + Level 0.2 Fighting
 + Level 0.2 Maces & Flails
 + Level 1.9 Dodging
 + Level 2.2 Stealth
 + Level 0.2 Unarmed Combat
 + Level 2.2 Spellcasting
 + Level 0.4 Conjurations
 + Level 4.3 Poison Magic


You had 5 spell levels left.
You knew the following spells:

 Your Spells              Type           Power        Failure   Level  Hunger
a - Sting                 Conj/Pois      #...         100%        1    #......


Dungeon Overview and Level Annotations

Branches:
Dungeon (2/15)

Altars:


Innate Abilities, Weirdness & Mutations

You are resistant to torment.
Your stone body is resilient (AC +3).
You are immune to poison.
You resist negative energy.
You are resistant to electric shocks.
You can survive without breathing.
You are immune to petrification.
You are immune to rotting.


Message History

You miss the adder. The adder bites you but does no damage.
The adder barely misses you.
Your plate armour prevents you from hitting the adder.
The adder bites you.
* * * LOW HITPOINT WARNING * * *
The adder bites you but does no damage.
You barely miss the adder. The adder bites you but does no damage.
You closely miss the adder.
The adder bites you but does no damage. x2
You hit the adder but do no damage. The adder bites you.
* * * LOW HITPOINT WARNING * * *
The adder bites you but does no damage.
You miss the adder. The adder bites you but does no damage.
Your plate armour prevents you from hitting the adder.
The adder bites you but does no damage. x2
Your plate armour prevents you from hitting the adder.
The adder bites you but does no damage. The adder bites you.
* * * LOW HITPOINT WARNING * * *
You miss the adder. The adder bites you but does no damage.
The adder bites you.
You die...

........## .........#
......$..# ########
.........# #......#
.........# #.....>#
............# #......# .
..............# #......####.
.........[.S.## #...........
......#.....@#####......####.
#..#...####....##...........
#...##...#####..............
#.#........###..#...........
#.#.........##..#...........
#.#.....).......#.#..#......
#.................#.#.......
#..........###......#.......
#..........##...............


You could see an adder.

Vanquished Creatures
  An adder (D:1)
  2 giant cockroaches
  2 goblins (D:1)
  2 hobgoblins
  A kobold (D:1)
  2 ball pythons
  5 bats
  4 giant newts
  2 rats
21 creatures vanquished.

Notes
Turn   | Place    | Note
--------------------------------------------------------------
     0 | D:1      | dohliylev the Gargoyle Venom Mage began the quest for the Orb.
     0 | D:1      | Reached XP level 1. HP: 10/10 MP: 3/3
   404 | D:1      | Reached XP level 2. HP: 15/15 MP: 0/5
   855 | D:1      | Reached XP level 3. HP: 1/19 MP: 0/6
  1371 | D:2      | Slain by an adder

Vault maps used:
D:1:      lightli_arrival_quake
D:2:      serial_bayou_pond_a

Action                   || total
-------------------------++-------
Melee: Club              ||   125
       Unarmed           ||    13
 Cast: Sting             ||    44
 Stab: Sleeping          ||     1
  Eat: Chunk             ||     2
